 Dungeon Crawl Stone Soup version 0.25.1-1-g288607f (webtiles) character file.

Game seed: 2487607820102245098

971 Jonnyslop the Cleaver (level 8, -3/73 HPs)
             Began as a Hill Orc Fighter on Dec 13, 2020.
             Was an Initiate of Beogh.
             Slain by an unseen horror (5 damage)
             ... on level 5 of the Dungeon.
             The game lasted 00:08:32 (5447 turns).

Jonnyslop the Cleaver (Hill Orc Fighter)            Turns: 5447, Time: 00:08:32

Health: -3/73      AC:  8    Str: 21    XL:     8   Next: 16%
Magic:  8/8        EV:  9    Int:  8    God:    Beogh [......]
Gold:   176        SH:  6    Dex: 16    Spells: 7/7 levels left

rFire    . . .     SeeInvis .   a - +0 war axe
rCold    + . .     Gourm    .   i - +1 buckler
rNeg     . . .     Faith    .   b - +0 scale mail
rPois    .         Spirit   .   y - +0 helmet
rElec    .         Reflect  .   (no cloak)
rCorr    .         Harm     .   (no gloves)
MR       .....                  (no boots)
Stlth    ..........             (no amulet)
HPRegen  0.22/turn              k - +6 ring of dexterity
MPRegen  0.11/turn              x - ring of protection from cold

@: no status effects
A: no striking features
a: Renounce Religion


You were on level 5 of the Dungeon.
You worshipped Beogh.
Beogh was noncommittal.
You were not hungry.

You visited 2 branches of the dungeon, and saw 7 of its levels.

You collected 176 gold pieces.

Inventory:

Hand Weapons
 a - a +0 war axe (weapon)
Missiles
 v - 7 poisoned darts (quivered)
Armour
 b - a +0 scale mail (worn)
 i - a +1 buckler (worn)
 y - a +0 helmet (worn)
Jewellery
 k - a +6 ring of dexterity (left hand)
 q - an uncursed ring of magical power
 x - a ring of protection from cold (right hand)
Wands
 j - a wand of flame (12)
 r - a wand of disintegration (10)
 t - a wand of paralysis (4)
 w - a wand of iceblast (5)
Scrolls
 n - a scroll of magic mapping {unknown}
 p - a scroll of remove curse
 s - a scroll of teleportation
 u - a scroll of random uselessness {unknown}
Potions
 c - 3 potions of mutation
 d - a potion of might
 e - 3 potions of stabbing
 g - a potion of flight
 h - 2 potions of curing
 l - a potion of resistance {unknown}
 m - a potion of ambrosia {unknown}
 o - 2 potions of heal wounds {unknown}
 z - a potion of degeneration {unknown}
Comestibles
 f - 6 rations
 A - a chunk of flesh


   Skills:
 + Level 7.2 Fighting
 * Level 10.1 Axes
 - Level 3.2 Armour
 - Level 3.2 Shields


You had 7 spell levels left.
You didn't know any spells.
Your spell library was empty.

Dungeon Overview and Level Annotations

Branches:
Dungeon (6/15)             Temple (1/1) D:6

Altars:
Cheibriados
Dithmenos
Elyvilon
Fedhas
Gozag
Hepliaklqana
Kikubaaqudgha
Makhleb
Nemelex Xobeh
Okawaru
Qazlal
Ru
Sif Muna
Trog
Uskayaw
Vehumet
Wu Jian
Xom
Yredelemnul
Zin
The Shining One


Message History

Something hits you but does no damage. Something hits you but does no damage.
Something hits you but does no damage. Something hits you.
Something hits you but does no damage. Something hits you. Something hits you.
* * * LOW HITPOINT WARNING * * *
Something hits you but does no damage.
Found a stone staircase leading down.
Something hits you but does no damage. Something hits you but does no damage.
Something hits you!
* * * LOW HITPOINT WARNING * * *
Something hits you but does no damage. Something hits you!
* * * LOW HITPOINT WARNING * * *
Something hits you.
* * * LOW HITPOINT WARNING * * *
Something hits you.
You die...

#......# #.........# .......##
#.......# #..........
........###.......# #......>)..
...<......# ......# #........##
...รท....>.. .....####.....#.###
.......#.#. ............##..###
.......#.##.# ........#.......<.
##..####.##.####<..#.#..#........
#...............@............###.
#.........##.^.....####.###.## #
#.........##.......# # #.
#..........#.......# ..
#..................##### #.#
#........#............>#
#........#.#........##..
#........#..........##
#....................#


There were no monsters in sight!

Vanquished Creatures
  A sky beast (D:6)
  2 centaurs
  A bullfrog (D:6)
  2 scorpions (D:4)
  A howler monkey (D:3)
  2 hounds (D:6)
  Terence (D:2)
  2 iguanas
  2 orc wizards (D:4)
  5 worker ants
  Robin (D:2)
  A howler monkey zombie (D:5)
  7 adders
  A howler monkey skeleton (D:5)
  A shadow imp (D:5)
  An ooze (D:3)
  An adder zombie (D:5)
  An adder skeleton (D:6)
  2 worms
  2 dart slugs
  4 leopard geckos
  10 orcs
  10 bats
  4 giant cockroaches
  8 goblins
  6 hobgoblins (D:2)
  9 jackals
  3 quokkas
  5 frilled lizards
  4 kobolds
  A leopard gecko skeleton (D:6)
  A quokka skeleton (D:4)
  9 rats
111 creatures vanquished.

Notes
Turn   | Place    | Note
-------+----------+-------------------------------------------
     0 | D:1      | Jonnyslop the Hill Orc Fighter began the quest for the Orb.
     0 | D:1      | Reached XP level 1. HP: 19/19 MP: 1/1
    19 | D:1      | Reached skill level 3 in Axes
   331 | D:1      | Reached XP level 2. HP: 27/27 MP: 2/2
   613 | D:2      | Found a stormy altar of Qazlal.
   654 | D:2      | Reached skill level 4 in Axes
   724 | D:2      | Reached XP level 3. HP: 33/33 MP: 3/3
  1313 | D:2      | Noticed Terence
  1313 | D:2      | Noticed Robin
  1318 | D:2      | Reached XP level 4. HP: 41/41 MP: 4/4
  1326 | D:2      | Killed Robin
  1326 | D:2      | Reached skill level 5 in Axes
  1332 | D:2      | Killed Terence
  1849 | D:2      | Found a hide-covered altar of Uskayaw.
  1850 | D:2      | Found an ornate altar of the Wu Jian Council.
  1856 | D:2      | Found a hazy altar of Hepliaklqana.
  1859 | D:2      | Found a shimmering blue altar of Sif Muna.
  1859 | D:2      | Found a sacrificial altar of Ru.
  1861 | D:2      | Found a radiant altar of Vehumet.
  1862 | D:2      | Found a burning altar of Makhleb.
  1863 | D:2      | Found a shimmering altar of Xom.
  1985 | D:3      | Reached XP level 5. HP: 47/47 MP: 5/5
  2005 | D:3      | Reached skill level 5 in Fighting
  2005 | D:3      | Reached skill level 6 in Axes
  2904 | D:4      | Found a bloodstained altar of Trog.
  3089 | D:4      | Reached XP level 6. HP: 49/56 MP: 6/6
  3212 | D:4      | Reached skill level 7 in Axes
  3920 | D:4      | You fall into a shaft and drop 2 floors!
  3979 | D:6      | Found a staircase to the Ecumenical Temple.
  3987 | D:6      | Reached skill level 8 in Axes
  3987 | D:6      | Reached XP level 7. HP: 34/63 MP: 7/7
  4004 | Temple   | Entered the Ecumenical Temple
  4540 | D:6      | Reached skill level 9 in Axes
  4671 | D:5      | Entered Level 5 of the Dungeon
  4675 | D:5      | Reached XP level 8. HP: 46/73 MP: 8/8
  4870 | D:4      | Became a worshipper of Beogh the Brigand
  5076 | D:4      | Reached skill level 10 in Axes
  5446 | D:5      | HP: 2/73 [something (5)]
  5447 | D:5      | Slain by an unseen horror

Illustrated notes

Levels and vault maps discovered:
D:1:      wander_arrival_lonely_grave, layout_rooms
D:2:      layout_loops_ring, minitemple, nicolae_qazlal_general_emergency,
          uniq_terence, uniq_robin
D:3:      layout_basic, serial_forest, infiniplex_forest_pool,
          infiniplex_forest_lined_room_2, infiniplex_forest_zigzag_1,
          infiniplex_forest_clump_cross, infiniplex_forest_clump_small,
          infiniplex_forest_end_1, infiniplex_forest_end_3, first_ration
D:4:      minmay_general_purpose_star, layout_basic, overflow_temple_1_default,
          minivault_19
D:5:      layout_rooms
D:6:      layout_basic, minmay_temple_entry_sparse_star, serial_shops,
          nicolae_shop_temple_entry_statues_fountains, grunt_dithmenos_shadows,
          uniq_pikel
Temple:   minmay_temple_bridge_abc

Skill      XL: |  1  2  3  4  5  6  7  8 |
---------------+-------------------------+-----
Axes           | 3 4 5 6 8 9 10 | 10.1
Fighting       | 4 5 6 7 |  7.2
Armour         | |  3.2
Shields        | |  3.2

Action                   |  1- 3 |  4- 6 |  7- 9 || total
-------------------------+-------+-------+-------++-------
Melee: War axe           |    96 |   159 |    87 ||   342
Invok: Convert to Beogh  |       |       |     1 ||     1
  Use: Scroll            |     3 |     5 |     1 ||     9
       Potion            |       |     1 |     1 ||     2
  Eat: Chunk             |     1 |     7 |     3 ||    11
       Ration            |       |     1 |       ||     1
Armor: Scale mail        |    48 |    63 |    37 ||   148
Dodge: Dodged            |    48 |    51 |    28 ||   127
Block: Kite shield       |     4 |       |       ||     4
       Buckler           |    24 |    41 |    35 ||   100
